 Dungeon Crawl Stone Soup version 0.30.1-9-gdf580d7c3d (webtiles) character file.

Game seed: 7223789713478898364

296 KittyFluff the Covered (level 6, 0/57 HPs)
             Began as a Gargoyle Berserker on Oct 6, 2023.
             Was a Priest of Trog.
             Slain by a lemure (3 damage)
             ... led by Pikel
             ... on level 4 of the Dungeon.
             The game lasted 00:11:24 (2852 turns).

KittyFluff the Covered (Gargoyle Berserker)         Turns: 2852, Time: 00:11:25

Health: 0/57       AC:  9    Str: 22    XL:     6   Next: 35%
Magic:  6/6        EV: 12    Int:  8    God:    Trog [***...]
Gold:   164        SH:  0    Dex:  9    Spells: 5/5 levels left

rFire   . . .        a - +0 mace
rCold   + . .        (no shield)
rNeg    + . .        b - +0 animal skin
rPois   ∞            n - +0 helmet
rElec   +            k - +0 cloak
rCorr   .            (no gloves)
SInv    .            (no boots)
Will    .....        (no amulet) Stlth
                     h - ring of protection from cold
HPRegen 0.29/turn    (no ring)
MPRegen 0.10/turn

%: no passive effects
@: berserking, very quick
A: sickness immunity, AC +4, negative energy resistance 1, electricity
resistance, torment resistance 1, petrification resistance
a: Renounce Religion, Berserk, Trog's Hand


You were on level 4 of the Dungeon.
You worshipped Trog.
Trog was most pleased with you.
You visited 1 branch of the dungeon, and saw 4 of its levels.

You collected 164 gold pieces.

Inventory:

Hand Weapons
 a - a +0 mace (weapon)
 j - a +2 quarterstaff of chaos
 C - a +0 arbalest
Missiles
 q - 4 boomerangs (quivered)
 s - 2 poisoned darts
Armour
 b - a +0 animal skin (worn)
 k - a +0 cloak (worn)
 n - a +0 helmet (worn)
 o - a +3 scale mail
Jewellery
 e - an amulet of faith
 h - a ring of protection from cold (left hand)
Wands
 y - a wand of flame (25)
Scrolls
 c - 5 scrolls of identify {unknown}
 f - 3 scrolls of enchant weapon {unknown}
 g - 2 scrolls of butterflies {unknown}
 l - a scroll of noise {unknown}
 m - a scroll of acquirement {unknown}
 p - 3 scrolls of teleportation {unknown}
 t - a scroll of blinking {unknown}
 u - a scroll of magic mapping {unknown}
 v - a scroll of torment {unknown}
 z - 2 scrolls of fog {unknown}
Potions
 d - a potion of brilliance {unknown}
 i - 2 potions of might {unknown}
 r - a potion of haste
 w - a potion of ambrosia {unknown}
 x - 2 potions of flight {unknown}
 A - a potion of magic {unknown}
 B - a potion of attraction {unknown}


   Skills:
 + Level 4.2 Fighting
 * Level 4.5 Maces & Flails
 * Level 4.6 Armour
 + Level 2.5 Dodging


You had 5 spell levels left.
You didn't know any spells.
Your spell library was empty.

Dungeon Overview and Level Annotations

Branches:
Dungeon (4/15)             Temple (0/1) D:4

Altars:
Cheibriados
Gozag
Yredelemnul
Zin

Annotations:
D:4 Pikel


Innate Abilities, Weirdness & Mutations

You are immune to sickness and miasma.
Your stone body is resilient. (AC +4)
You are immune to poison.
You resist negative energy. (rN+)
You are resistant to electric shocks. (rElec)
You are resistant to unholy torment.
You are immune to petrification.


Message History

You closely miss the lemure.
The lemure is lightly wounded.
The lemure hits you but does no damage. The lemure hits you.
You hit the lemure.
The lemure is moderately wounded.
The lemure closely misses you. The lemure barely misses you.
You sock the lemure!
The lemure is heavily wounded.
Pikel drinks a potion.
Pikel seems to speed up.
The lemure closely misses you. The lemure hits you.
You miss the lemure.
The lemure is heavily wounded.
The lemure hits you but does no damage. The lemure barely misses you.
You hit the lemure.
The lemure is severely wounded.
The lemure hits you but does no damage.
You sock Pikel!
Pikel is moderately wounded.
Pikel hits you with a +2 whip of freezing.
The lemure barely misses you. The lemure hits you but does no damage.
Pikel hits you with a +2 whip of freezing!
Pikel freezes you.
You barely miss Pikel.
Pikel is moderately wounded.
Pikel closely misses you. The lemure closely misses you. The lemure hits you!
A lemure comes into view.
You closely miss Pikel.
Pikel is moderately wounded.
The lemure shouts!
Pikel hits you with a +2 whip of freezing!
* * * LOW HITPOINT WARNING * * *
Pikel freezes you.
* * * LOW HITPOINT WARNING * * *
The lemure barely misses you. x2; Pikel hits you but does no damage.
A red film seems to cover your vision as you go berserk!
You feel yourself moving faster!
You feel mighty!
Pikel hits you with a +2 whip of freezing.
* * * LOW HITPOINT WARNING * * *
The lemure hits you.
You die...

.......
...........#
......#
..........##
.....#
#...!....#
.....#.
#........##
.......
..#..5...#
.......
..###5#.##
.......
#..####
.......
###K...##
.......
#.@5....#
.......
#.5#.....#
.......
##.#....##
..#.##.
.....#.#
#####
#..#?.###
..####
#######
.....#
.....#
.....#


You could see Pikel (fast) and 4 lemures.

Vanquished Creatures
  An orc priest (D:3)
  Crazy Yiuf (D:2)
  Terence (D:2)
  An orc wizard (D:3)
  Robin (D:2)
  8 adders
  3 dart slugs
  14 orcs (D:3)
  9 ball pythons
  5 bats
  An endoplasm (D:1)
  17 goblins
  7 hobgoblins
  7 quokkas
  A frilled lizard (D:2)
  6 kobolds
  3 rats
86 creatures vanquished.

Notes
Turn   | Place    | Note
-------+----------+-------------------------------------------
     0 | D:1      | KittyFluff the Gargoyle Berserker began the quest for the
                  | Orb.
     0 | D:1      | Reached XP level 1. HP: 14/14 MP: 1/1
   264 | D:1      | Reached XP level 2. HP: 19/19 MP: 2/2
   623 | D:1      | Reached XP level 3. HP: 23/23 MP: 3/3
   657 | D:1      | Found a faded altar of an unknown god.
   790 | D:2      | Reached ** piety under Trog
   815 | D:2      | Noticed Terence
   825 | D:2      | Killed Terence
   826 | D:2      | Reached XP level 4. HP: 14/29 MP: 4/4
  1079 | D:2      | Found a runed translucent door.
  1080 | D:2      | Noticed Crazy Yiuf
  1087 | D:2      | Killed Crazy Yiuf
  1366 | D:2      | Reached XP level 5. HP: 32/33 MP: 5/5
  1494 | D:2      | Noticed Robin
  1502 | D:2      | Killed Robin
  2164 | D:3      | Reached XP level 6. HP: 35/38 MP: 6/6
  2254 | D:3      | Reached *** piety under Trog
  2493 | D:3      | Found a snail-covered altar of Cheibriados.
  2496 | D:3      | Found an opulent altar of Gozag.
  2591 | D:4      | Found a staircase to the Ecumenical Temple.
  2677 | D:4      | Found a basalt altar of Yredelemnul.
  2755 | D:4      | Found a glowing silver altar of Zin.
  2837 | D:4      | Noticed Pikel
  2852 | D:4      | Slain by a lemure

Illustrated notes

Levels and vault maps discovered:
D:1:      wheals_arrival_shading, layout_loops_ring,
          shapermc_ecumenical_altar_notcrosses
D:2:      layout_loops_ring, uniq_terence, uniq_crazy_yiuf_cottage, uniq_robin
D:3:      minmay_skewed_foursquare, layout_basic, nicolae_overflow_squiral
D:4:      layout_cave_pools, old_standard_altar, mainiacjoe_overflow_boulevard,
          minmay_temple_entry_mini_moons, hangedman_decor_peaks_small,
          uniq_pikel

Skill      XL: |  1  2  3  4  5 |
---------------+----------------+-----
Armour         | 3 4 |  4.6
Dodging        | 2 |  2.5
Maces & Flails | 4 |  4.5
Fighting       | 4 |  4.2

Action                     |  1- 3 |  4- 6 || total
---------------------------+-------+-------++-------
  Melee: Mace              |    91 |   243 ||   334
         Punch             |       |     1 ||     1
 Invoke: Berserk           |       |     3 ||     3
 Armour: Animal skin       |    28 |   120 ||   148
  Dodge: Dodged            |    60 |   185 ||   245
